 Dungeon Crawl Stone Soup version 0.11.0-9-gb634444 (webtiles) character file.

158 G7x the Ruffian (level 4, -10/39 HPs)
             Began as a Ghoul Fighter on Apr 3, 2013.
             Killed from afar by Crazy Yiuf (12 damage)
             ... with a wand of flame
             ... on Level 3 of the Dungeon.
             The game lasted 00:10:38 (2135 turns).

G7x the Ruffian (Ghoul Fighter)                     Turns: 2135, Time: 00:10:38

HP -10/39        AC  8     Str 20      XL: 4   Next: 26%
MP   2/2         EV  8     Int  3      God:
Gold 86          SH  0     Dex 11      Spells:  0 memorised,  3 levels left

Res.Fire  : . . .   See Invis. : .     - Unarmed
Res.Cold  : + . .   Warding    : .   b - +0 scale mail
Life Prot.: + + +   Conserve   : .   (no shield)
Res.Poison: +       Res.Corr.  : .   (no helmet)
Res.Elec. : .       Clarity    : .   x - +0 cloak
Sust.Abil.: . .     Spirit.Shd : .   o - +0 pair of orc gauntlets
Res.Mut.  : .       Stasis     : .   (no boots)
Res.Rott. : +       Ctrl.Telep.: +   (no amulet)
Saprovore : + + +   Levitation : .   B - +3 ring of dexterity Ctrl.Flight: .
                                     r - ring of teleport control

@: rotting, slightly resistant to hostile enchantments, extremely unstealthy
A: rotting body, claws 1, carnivore 3, cold resistance 1, life protection 3,
poison resistance, saprovore 3, slow healing 1, torment resistance, unbreathing
a: no special abilities


You were on level 3 of the Dungeon.
You were not hungry.

You visited 1 branch of the dungeon, and saw 3 of its levels.

You collected 66 gold pieces.

Inventory:

Armour
 b - a +0 scale mail (worn)
 o - a +0 pair of orcish gauntlets (worn)
 p - a +0 pair of gauntlets
 t - a +0 pair of gloves
 u - a +0 buckler
 x - a +0 cloak (worn)
Comestibles
 k - a rotting chunk of goblin flesh
 s - 2 chunks of bat flesh
 v - a meat ration
 w - a rotting chunk of kobold flesh
 z - 2 rotting chunks of hobgoblin flesh
 A - a chunk of rat flesh
 C - a chunk of giant newt flesh
Scrolls
 d - a scroll of fear {unknown}
 e - a scroll of recharging {unknown}
 g - 2 scrolls of teleportation
 i - a scroll of curse jewellery {unknown}
 j - a scroll of remove curse {unknown}
 l - a scroll of blinking {unknown}
 q - a scroll of fog {unknown}
Jewellery
 r - a ring of teleport control (left hand)
 y - an uncursed ring of invisibility
 B - a +3 ring of dexterity (right hand)
Potions
 a - a potion of resistance {unknown}
 c - a potion of poison {unknown}
 f - a potion of heal wounds {unknown}
 m - 2 potions of curing {unknown}
 n - a potion of slowing {unknown}
Magical staves
 h - an uncursed staff of channeling


   Skills:
 - Level 3,2 Fighting
 - Level 2,6 Armour
   Level 2,6 Shields
 + Level 4,8 Unarmed Combat


You had 3 spell levels left.
You didn't know any spells.

Dungeon Overview and Level Annotations

Branches:
Dungeon (3/27)

Altars:
Ashenzari

Annotations
D:3 Crazy Yiuf


Innate Abilities, Weirdness & Mutations

Your body is rotting away.
You have sharp fingernails.
You are carnivorous and can eat meat at any time.
Your flesh is cold resistant.
You are immune to negative energy.
Your system is resistant to poisons.
You thrive on rotten meat.
You heal slowly.
You are immune to unholy pain and torment.
You can survive without breathing.


Message History

There is an open door here.
Crazy Yiuf zaps a wand.
The puff of flame hits you! Crazy Yiuf barely misses you.
You hit Crazy Yiuf but do no damage.
Crazy Yiuf hits you with a quarterstaff of chaos.
You hit Crazy Yiuf but do no damage.
Crazy Yiuf grits, "Blight spinner testudinal!"
Crazy Yiuf hits you with a quarterstaff of chaos!
* * * LOW HITPOINT WARNING * * *
Crazy Yiuf burns you.
* * * LOW HITPOINT WARNING * * *
You are too injured to fight blindly!
You hit Crazy Yiuf.
Crazy Yiuf is moderately wounded.
Crazy Yiuf cries, "Ghoul!"
Crazy Yiuf hits you with a quarterstaff of chaos.
* * * LOW HITPOINT WARNING * * *
There is an open door here.
Crazy Yiuf zaps a wand.
The puff of flame hits you!
You die...

#.#
#...##
#.#
#...)##
#.#
##...)#
..#
##)..)##
###
♣♣).).♣♣
♣♣♣...♣♣
♣♣♣♣.♣♣♣
♣♣♣♣.♣♣
♣♣♣@♣♣♣
♣♣♣.♣♣♣
♣♣g♣♣♣
##'##♣
#...#
#...#
#)..#
#####


You could see Crazy Yiuf.

Vanquished Creatures
  3 adders
  A giant gecko (D:3)
  An ooze (D:1)
  An orc (D:2)
  A ball python (D:1)
  3 giant cockroaches
  3 goblins
  7 hobgoblins
  2 jackals (D:2)
  3 bats
  4 giant newts
  6 kobolds
  8 rats
43 creatures vanquished.

Vanquished Creatures (others)
  A giant newt (D:2)
1 creature vanquished.

Grand Total: 44 creatures vanquished

Notes
Turn   | Place    | Note
--------------------------------------------------------------
     0 | D:1      | G7x, the Ghoul Fighter, began the quest for the Orb.
     0 | D:1      | Reached XP level 1. HP: 19/19 MP: 0/0
   157 | D:1      | Reached XP level 2. HP: 13/25 MP: 1/1
   784 | D:2      | Found a shattered altar of Ashenzari.
   829 | D:2      | Reached XP level 3. HP: 6/33 MP: 2/2
  1059 | D:2      | Reached skill level 4 in Unarmed Combat
  1845 | D:3      | Reached XP level 4. HP: 32/37 MP: 2/2
  2124 | D:3      | Noticed Crazy Yiuf
  2135 | D:3      | Killed from afar by Crazy Yiuf
